 Dungeon Crawl Stone Soup version 0.32-a0-938-g40ac7a0f4d (webtiles) character file.

Game seed: 11960007640025390965

75 Ijustatesigmund the Conjurer (level 4, 0/32 HPs)
             Began as a Gnoll Conjurer on Apr 15, 2024.
             Slain by a gnoll
             ... wielding a +0 flail
              (12 damage)
             ... on level 3 of the Dungeon.
             The game lasted 00:02:03 (1639 turns).

Ijustatesigmund the Conjurer (Gnoll Conjurer)       Turns: 1639, Time: 00:02:04

Health: 0/32       AC:  2    Str:  6    XL:     4   Next: 31%
Magic:  8/11       EV: 12    Int: 19    God:
Gold:   94         SH:  0    Dex: 13    Spells: 10/13 levels left

rFire   + . .        l - +0 whip
rCold   . . .        (no shield)
rNeg    . . .        a - +0 robe
rPois   .            (no helmet)
rElec   .            (no cloak)
rCorr   .            (no gloves)
SInv    .            (no boots)
Will    .....        (no amulet)
Stlth   ++++         (no ring)
HPRegen 0.25/turn    (no ring)
MPRegen 0.12/turn

%: no passive effects
@: no status effects
A: fangs 1, strong nose, distributed training, thin skeletal structure 1, fire
resistance 1
a: no special abilities


You were on level 3 of the Dungeon.
You visited 1 branch of the dungeon, and saw 3 of its levels.

You collected 94 gold pieces.

Inventory:

Hand Weapons
 l - a +0 whip (weapon)
Armour
 a - a +0 robe (worn)
Jewellery
 g - a +5 ring of evasion
Scrolls
 c - a scroll of fear {unknown}
 f - 2 scrolls of identify {unknown}
 k - a scroll of enchant weapon {unknown}
Potions
 b - a potion of magic
 h - a potion of mutation
 i - a potion of resistance
 j - a potion of brilliance


   Skills:
 + Level 1.1 Fighting
 + Level 1.1 Short Blades
 + Level 1.1 Long Blades
 + Level 1.1 Axes
 + Level 1.1 Maces & Flails
 + Level 1.1 Polearms
 + Level 1.1 Staves
 + Level 1.1 Ranged Weapons
 + Level 1.1 Throwing
 + Level 1.1 Armour
 + Level 4.6 Dodging
 + Level 4.2 Stealth
 + Level 1.1 Shields
 + Level 1.1 Unarmed Combat
 + Level 5.1 Spellcasting
 + Level 7.1 Conjurations
 + Level 0.9 Hexes
 + Level 0.9 Summonings
 + Level 0.9 Necromancy
 + Level 0.9 Translocations
 + Level 0.9 Fire Magic
 + Level 0.9 Ice Magic
 + Level 0.9 Air Magic
 + Level 0.9 Earth Magic
 + Level 0.9 Alchemy
 + Level 1.2 Invocations
 + Level 1.1 Evocations
 + Level 1.0 Shapeshifting


You had 10 spell levels left.
You knew the following spells:

 Your Spells              Type           Power      Damage    Failure   Level
a - Magic Dart            Conj           100%       1d8       1%          1
b - Searing Ray           Conj           64%        2d6       1%          2

Your spell library contained the following spells:

 Spells                   Type           Power      Damage    Failure   Level
 Fulminant Prism          Conj/Alch      10%        3d8       24%         4
 Iskenderun's Mystic Bla Conj/Tloc 20%            2d6        (+2d3     24%         4


Dungeon Overview and Level Annotations

Branches:
Dungeon (3/15)

Altars:


Innate Abilities, Weirdness & Mutations

You have very sharp teeth.
Your uncanny sense of smell can sniff out nearby items.
Your experience applies equally to all skills.
You have a somewhat thin skeletal structure. (Dex +2, Stealth+)
Your flesh is heat resistant. (rF+)


Message History

Casting: Searing Ray (safe; 1% risk of failure)
Confirm with . or Enter, or press ? or * to list all spells.
Aiming: Searing Ray (safe; 1% risk of failure)
Press: ? - help, Shift-Dir - straight line, f - gnoll
Aim: a gnoll, wielding a +0 flail (84% to hit)
You feel a surge of power!
The searing ray hits the gnoll!
The gnoll is severely wounded. (Press . to maintain the ray.)
The gnoll barely misses you.
The searing ray hits the gnoll!
You kill the gnoll!
Things that are here:
a +0 flail; a gnoll corpse You start resting.
You are starting to lose your buoyancy.
You start resting.
You float gracefully downwards.
You start resting.
Your enlightenment fades.
You start resting.
You feel a little less clever now.
You start resting.
A gnoll is nearby!
You start to feel less resistant.
Your resistance to elements expires.
The gnoll barely misses you. The gnoll closely misses you.
Casting: Searing Ray (safe; 1% risk of failure)
Confirm with . or Enter, or press ? or * to list all spells.
Aiming: Searing Ray (safe; 1% risk of failure)
Press: ? - help, Shift-Dir - straight line, f - gnoll
Aim: a gnoll, wielding a +0 flail (83% to hit)
The searing ray hits the gnoll.
The gnoll is heavily wounded. (Press . to maintain the ray.)
The gnoll hits you with a +0 flail.
The searing ray hits the gnoll.
The gnoll is almost dead.
The gnoll hits you with a +0 flail!
You die...

#########
#().)...#
#.#####.#
#.....#.#
#.###.#.# #g#
#.#.# ###.###.#.#
g.g.........g@#
.##########.###
#.# ##+## #.#
##...## #†#
#.....## ##.#
.......## ##..###
........####.....#
........+........#


You could see a gnoll.

Vanquished Creatures
  3 gnolls (D:3)
  2 adders (D:2)
  3 ball pythons (D:2)
  2 bats
  4 endoplasms
  7 jackals
  2 quokkas (D:1)
  A frilled lizard (D:1)
  A kobold (D:1)
  4 rats
29 creatures vanquished.

Notes
Turn   | Place    | Note
-------+----------+-------------------------------------------
     0 | D:1      | Ijustatesigmund the Gnoll Conjurer began the quest for the
                  | Orb.
     0 | D:1      | Reached XP level 1. HP: 13/13 MP: 6/6
   457 | D:1      | Reached XP level 2. HP: 19/19 MP: 4/7
   460 | D:1      | Learned a level 2 spell: Searing Ray
   643 | D:1      | Found a faded altar of an unknown god.
  1026 | D:2      | Reached skill level 5 in Spellcasting
  1026 | D:2      | Reached XP level 3. HP: 24/25 MP: 2/9
  1188 | D:2      | Reached skill level 1 in Invocations
  1512 | D:3      | Reached skill level 1 in Fighting
  1512 | D:3      | Reached skill level 1 in Short Blades
  1512 | D:3      | Reached skill level 1 in Long Blades
  1512 | D:3      | Reached skill level 1 in Axes
  1512 | D:3      | Reached skill level 1 in Maces & Flails
  1512 | D:3      | Reached skill level 1 in Polearms
  1512 | D:3      | Reached skill level 1 in Staves
  1512 | D:3      | Reached skill level 1 in Ranged Weapons
  1512 | D:3      | Reached skill level 1 in Throwing
  1512 | D:3      | Reached skill level 1 in Armour
  1512 | D:3      | Reached skill level 1 in Shields
  1512 | D:3      | Reached skill level 1 in Unarmed Combat
  1512 | D:3      | Reached skill level 1 in Evocations
  1561 | D:3      | Reached skill level 1 in Shapeshifting
  1561 | D:3      | Reached XP level 4. HP: 7/32 MP: 4/11
  1575 | D:3      | Gained mutation: Your flesh is heat resistant. (rF+)
                  | [potion of mutation]
  1575 | D:3      | Gained mutation: You have a somewhat thin skeletal
                  | structure. (Dex +2, Stealth+) [potion of mutation]
  1639 | D:3      | Slain by a gnoll

Illustrated notes

Levels and vault maps discovered:
D:1:      minmay_arrival_four_circles, layout_basic,
          shapermc_ecumenical_altar_mp_vishouse
D:2:      layout_loops_corners, basic_altar, nicolae_figureground_pulse
D:3:      layout_loops_corners, nicolae_ru_awakened_eye, jmf_multi_god_temple2

Skill      XL: |  1  2  3 |
---------------+----------+-----
Spellcasting   | 5 |  5.1
Invocations    | 1 |  1.2
Fighting       | 1 |  1.1
Short Blades   | 1 |  1.1
Long Blades    | 1 |  1.1
Axes           | 1 |  1.1
Maces & Flails | 1 |  1.1
Polearms       | 1 |  1.1
Staves         | 1 |  1.1
Ranged Weapons | 1 |  1.1
Throwing       | 1 |  1.1
Armour         | 1 |  1.1
Shields        | 1 |  1.1
Unarmed Combat | 1 |  1.1
Evocations     | 1 |  1.1
Shapeshifting  | 1 |  1.0
Dodging        | |  4.6
Stealth        | |  4.2
Conjurations   | |  7.1
Hexes          | |  0.9
Summonings     | |  0.9
Necromancy     | |  0.9
Translocations | |  0.9
Fire Magic     | |  0.9
Ice Magic      | |  0.9
Air Magic      | |  0.9
Earth Magic    | |  0.9
Alchemy        | |  0.9

Action                     |  1- 3 |  4- 6 || total
---------------------------+-------+-------++-------
   Cast: Magic Dart        |    52 |       ||    52
         Searing Ray       |     2 |     2 ||     4
    Use: Potion            |       |     5 ||     5
 Armour: Robe              |     4 |     4 ||     8
  Dodge: Dodged            |     7 |     5 ||    12

Table legend: (Time is in decaauts)
 A = Elapsed time spent in this place.
 B = Non-inter-level travel time spent in this place.
 C = Inter-level travel time spent in this place.
 D = Time resting spent in this place.
 E = Time spent auto-exploring this place.
 F = Levels seen in this place.
 G = Mean time per level.
                   A        B        C        D        E       F      G
               +--------+--------+--------+--------+--------+-----+--------+
         Total |   1638 |   1634 |      4 |    122 |   1367 |   3 |  546.0 |
       Dungeon |   1638 |   1634 |      4 |    122 |   1367 |   3 |  546.0 |
               +--------+--------+--------+--------+--------+-----+--------+

Top non-repeatable levels by time:
     D:1: 812 daAuts
     D:2: 540 daAuts
     D:3: 285 daAuts
